Map: Acropolis LE

Players

Djorn - Winner!

  • Race: Protoss Protoss
  • League: Bronze
  • Spawn Location: 5:00

A.I. 1 (Medium)

  • Race: Protoss Protoss
  • Spawn Location: 11:00

VOD

Have the link to the VOD?

Description

Time

  • Played on: Aug. 26, 2019, 2:37 p.m.
  • Length: 11:25
Show
View Real Time Build Order
Export as new Build Order

Djorn Protoss - Winner!

Build Orders:  

Get SALT Encoding   

  12  0:02  Probe  
  13  0:15  Probe  
  14  0:24  Pylon  
  14  0:28  Probe  
  15  0:42  Probe  
  16  0:48  Gateway  
  16  0:57  Gateway  
  16  0:58  Probe  
  17  1:06  Probe  
  18  1:13  Assimilator  
  18  1:15  Probe  
  19  1:23  Pylon  
  19  1:30  Probe  
  20  1:42  Probe  
  20  1:43  Cybernetics Core  
  21  1:54  Probe  
  22  2:13  Gateway  
  22  2:19  Stalker  
  22  2:20  Assimilator  
  22  2:28  Stalker  
  26  2:46  Warp Gate  
  26  3:14  Gateway  
  26  3:15  Gateway  
  26  3:26  Pylon  
  26  3:32  Pylon  
  26  3:47  Robotics Facility  
  26  3:59  Shield Battery  
  26  4:07  Shield Battery  
  26  4:45  Observer  
  27  5:01  Immortal  
  27  5:05  Adept x2  
  35  5:15  Pylon  
  35  5:23  Zealot  
  35  5:26  Zealot  
  35  5:27  Zealot  
  41  5:40  Immortal  
  45  5:44  Pylon  
  45  6:20  Gateway  
  45  6:27  Warp Prism  
  47  6:49  Twilight Council  
  47  7:03  Immortal  
  51  7:21  Pylon  
  39  7:54  Shield Battery  
  39  7:59  Gateway  
  39  8:02  Zealot x4  
  46  8:13  Adept  
  48  8:25  Adept x2  
  48  8:26  Adept  
  54  8:32  Pylon  
  54  8:34  Pylon  
  54  8:36  Pylon  
  50  9:01  Adept x4  
  50  9:02  Adept  
  48  9:23  Zealot x5  
  56  9:26  Adept  
  48  10:02  Stalker x4  
  48  10:03  Stalker x2  
  44  11:16  Zealot  
  44  11:17  Zealot x3  
  52  11:19  Stalker  
  52  11:20  Stalker  
Show
View Real Time Build Order
Export as new Build Order

A.I. 1 (Medium) Protoss 

Build Orders:  

Get SALT Encoding   

  12  0:00  Probe  
  13  0:13  Probe  
  14  0:19  Pylon  
  14  0:25  Probe  
  15  0:34  Probe  
  15  0:42  Probe  
  16  0:47  Assimilator  
  17  0:50  Gateway  
  17  0:52  Probe  
  18  0:59  Pylon  
  18  1:27  Gateway  
  18  1:32  Assimilator  
  18  1:40  Cybernetics Core  
  18  1:43  Zealot  
  20  2:02  Pylon  
  20  2:16  Warp Gate, Adept  
  22  2:34  Zealot  
  24  2:49  Pylon  
  24  2:52  Adept  
  26  3:05  Probe  
  26  3:09  Adept  
  29  3:13  Probe  
  30  3:22  Probe  
  31  3:27  Adept  
  31  3:28  Pylon  
  33  3:34  Probe  
  34  3:45  Stalker  
  34  3:46  Forge, Probe  
  37  3:58  Probe  
  38  4:05  Adept  
  40  4:23  Adept  
  42  4:41  Adept  
  44  6:38  Stalker  
  44  6:39  Probe  
  47  6:41  Pylon  
  47  6:43  Photon Cannon  
  47  6:45  Photon Cannon  
  47  6:48  Nexus, Robotics Facility  
  47  6:51  Stargate  
  47  6:52  Sentry  
  49  6:55  Twilight Council  
  49  7:00  Gateway  
  49  7:05  Forge, Stalker  
  51  7:11  Pylon  
  51  7:19  Stalker  
  51  7:33  Stalker  
  47  7:38  Observer  
  44  7:46  Sentry  
  38  7:53  Observer  
  38  8:00  Zealot  
  38  8:01  Probe  
  38  8:04  Probe  
  43  8:11  Assimilator  
  43  8:12  Pylon  
  43  8:13  Zealot, Probe  
  43  8:16  Probe  
  43  8:18  Pylon  
  47  8:21  Assimilator  
  47  8:25  Probe  
  48  8:27  Adept  
  48  8:28  Probe  
  51  8:37  Probe  
  51  8:40  Probe, Adept  
  54  8:43  Photon Cannon  
  54  8:45  Photon Cannon  
  54  8:49  Probe  
  54  8:52  Probe  
  54  8:54  Stalker  
  56  9:00  Probe  
  56  9:01  Probe  
  49  9:07  Void Ray  
  48  9:13  Probe  
  46  9:21  Stalker  
  45  9:26  Probe  
  44  9:35  Stalker  
  37  9:50  Void Ray  
  33  9:58  Probe  
  33  9:59  Zealot  
  29  10:01  Probe  
  30  10:13  Sentry  
  28  10:26  Zealot  
  28  10:33  Zealot  
  26  10:40  Zealot  
  20  10:52  Stalker  
  22  10:59  Nexus, Stalker  
Tags
 
League
Bronze
Matchup
PvP
Replay Pack
sc2replays
Spawn Locations
Cross Positions
Add a new tag
Caveats
  • Supply blocks, unpowered buildings, or Contaminate may cause inaccurate times.
  • Supply counts are checked every 10 seconds.